 Dungeon Crawl Stone Soup version 0.25.1-3-ge44b62a0b3 (webtiles) character file.

Game seed: 12057102037486137966

56 JakoBeide the Firebug (level 3, -2/26 HPs)
             Began as a Draconian Fire Elementalist on Nov 20, 2020.
             Slain by an ogre
             ... wielding a +0 giant club
              (6 damage)
             ... on level 2 of the Dungeon on Nov 23, 2020.
             The game lasted 00:11:48 (1408 turns).

JakoBeide the Firebug (Draconian Fire Elementalist) Turns: 1408, Time: 00:11:48

Health: -2/26      AC:  5    Str: 10    XL:     3   Next: 71%
Magic:  3/6        EV: 12    Int: 16    God:
Gold:   70         SH:  0    Dex: 11    Spells: 5/6 levels left

rFire    . . .     SeeInvis .   a - +0 dagger
rCold    . . .     Gourm    .   (no shield)
rNeg     . . .     Faith    .   (armour unavailable)
rPois    .         Spirit   .   (helmet restricted)
rElec    .         Reflect  .   (no cloak)
rCorr    .         Harm     .   (no gloves)
MR       .....                  (no boots)
Stlth    ++........             (no amulet)
HPRegen  0.08/turn              (no ring)
MPRegen  0.10/turn              (no ring)

@: no status effects
A: unfitting armour, cold-blooded, AC +5
a: no special abilities


You were on level 2 of the Dungeon.
You were not hungry.

You visited 1 branch of the dungeon, and saw 2 of its levels.

You collected 70 gold pieces.

Inventory:

Hand Weapons
 a - a +0 dagger (weapon)
 k - a +0 hunting sling
Missiles
 m - 2 javelins (quivered)
Armour
 c - a +0 robe
 n - a +0 buckler
Jewellery
 j - an uncursed ring of flight {unknown}
Scrolls
 e - 2 scrolls of remove curse
 f - a scroll of fear {unknown}
 g - a scroll of teleportation
 h - a scroll of magic mapping {unknown}
 l - 2 scrolls of enchant weapon {unknown}
 o - 3 scrolls of enchant armour {unknown}
Potions
 d - 2 potions of resistance
Comestibles
 b - 3 rations


   Skills:
 + Level 0.1 Fighting
 + Level 0.5 Short Blades
 + Level 0.1 Throwing
 + Level 2.2 Dodging
 + Level 1.9 Stealth
 + Level 2.4 Spellcasting
 + Level 1.4 Conjurations
 + Level 3.6 Fire Magic


You had 5 spell levels left.
You knew the following spells:

 Your Spells              Type           Power        Failure   Level  Hunger
a - Foxfire               Conj/Fire      ##..         7%          1    #......

Your spell library contained the following spells:

 Spells                   Type           Power        Failure   Level  Hunger
 Conjure Flame            Conj/Fire      ##......     21%         3    ###....
 Inner Flame              Hex/Fire       #.......     28%         3    ###....
 Sticky Flame             Conj/Fire      ##......     56%         4    #####..
 Fireball                 Conj/Fire      ##........   88%         5    ######.


Dungeon Overview and Level Annotations

Branches:
Dungeon (2/15)

Altars:


Innate Abilities, Weirdness & Mutations

Your plain brown scales are hard. (AC +5)
You cannot fit into any form of body armour.
You are cold-blooded and may be slowed by cold attacks.


Message History

Confirm with . or Enter, or press ? or * to list all spells.
You conjure some foxfire!
The foxfire hits the quokka.
The quokka is severely wounded.
The foxfire hits the quokka but does no damage.
The quokka is severely wounded.
Unknown command.
Casting: Foxfire (safe; 7% risk of failure)
Confirm with . or Enter, or press ? or * to list all spells.
You don't know that spell.
Your foxfire dissipates!
The quokka bites you but does no damage.
The ogre hits you with a +0 giant club!
Ouch! That really hurt!
You see here 15 gold pieces.
The quokka barely misses you. The ogre hits you with a +0 giant club!
* * * LOW HITPOINT WARNING * * *
The quokka closely misses you.
You closely miss the ogre. The quokka barely misses you.
The ogre hits you with a +0 giant club.
You die...

#.#).#.# #.##.#.##.#
###'##...##.#
#........##.#
#..ยง.....##.#
#........##.#
#........##.#
########..#r#########
#...@$........
#.....O#########
#......# #......#
#......# #......#
#......# #......#


You could see an ogre and a quokka.

Vanquished Creatures
  An adder (D:2)
  An ooze (D:1)
  2 worms (D:2)
  A dart slug (D:2)
  A leopard gecko (D:1)
  2 giant cockroaches
  7 goblins
  4 hobgoblins (D:2)
  2 jackals (D:2)
  3 bats
  A frilled lizard (D:2)
  3 kobolds
  4 rats
32 creatures vanquished.

Vanquished Creatures (others)
  88 foxfires
88 creatures vanquished.

Grand Total: 120 creatures vanquished

Notes
Turn   | Place    | Note
-------+----------+-------------------------------------------
     0 | D:1      | JakoBeide the Draconian Fire Elementalist began the quest
                  | for the Orb.
     0 | D:1      | Reached XP level 1. HP: 14/14 MP: 3/3
   193 | D:1      | Reached XP level 2. HP: 20/20 MP: 3/5
   750 | D:2      | Reached XP level 3. HP: 17/26 MP: 4/6
  1399 | D:2      | Noticed an ogre
  1408 | D:2      | Slain by an ogre

Illustrated notes

Levels and vault maps discovered:
D:1:      wander_arrival_fairy_ring, layout_loops_ring
D:2:      layout_basic

Skill      XL: |  1  2 |
---------------+-------+-----
Dodging        | 2 |  2.2
Fighting       | |  0.1
Short Blades   | |  0.5
Throwing       | |  0.1
Stealth        | |  1.9
Spellcasting   | |  2.4
Conjurations   | |  1.4
Fire Magic     | |  3.6

Action                   || total
-------------------------++-------
Melee: Dagger            ||    49
       Tailslap          ||     8
       Unarmed           ||     1
Throw: Javelin           ||     2
 Cast: Foxfire           ||    70
  Use: Scroll            ||     3
       Potion            ||     2
  Eat: Ration            ||     1
Armor: Skin              ||    23
Dodge: Dodged            ||    63
